 Dungeon Crawl Stone Soup version 0.13.0-21-ge43020b (webtiles) character file.

852 Malachi the Ducker (level 7, -5/36 HPs)
             Began as a Spriggan Gladiator on Oct 26, 2013.
             Was an Initiate of Okawaru.
             Slain by Duvessa
             ... wielding a +2,+2 elven short sword of draining
              (7 damage)
             ... on Level 4 of the Dungeon.
             The game lasted 00:10:57 (5547 turns).

Malachi the Ducker (Spriggan Gladiator)             Turns: 5547, Time: 00:10:57

HP  -5/36        AC  5     Str 11      XL: 7   Next: 15%
MP  13/13        EV 22     Int  9      God: Okawaru [......]
Gold 266         SH  0     Dex 19      Spells:  0 memorised,  6 levels left

Res.Fire  : . . .   See Invis. : +   u - +1 orc trident
Res.Cold  : . . .   Warding    : .   b - +0 animal skin
Life Prot.: . . .   Conserve   : .   (shield restricted)
Res.Poison: .       Res.Corr.  : .   c - +0 cap
Res.Elec. : .       Clarity    : .   (no cloak)
Sust.Abil.: . .     Spirit.Shd : .   (gloves unavailable)
Res.Mut.  : .       Stasis     : .   (boots unavailable)
Res.Rott. : .       Flight     : .   o - amulet of rage
Saprovore : . . .                    B - +3 ring of protection
                                     e - ring of protection from magic

@: heavily drained, very quick, quite resistant to hostile enchantments,
unstealthy
A: unfitting armour, see invisible, herbivore 3, speed 3, slow metabolism 2
a: Renounce Religion, Evoke Berserk Rage


You were on level 4 of the Dungeon.
You worshipped Okawaru.
Okawaru was noncommittal.
You were not hungry.

You visited 1 branch of the dungeon, and saw 5 of its levels.

You collected 246 gold pieces.

Inventory:

Hand weapons
 a - a +0,+0 quarterstaff
 i - a +1,+0 elven spear
 u - a +1,+1 orcish trident (weapon)
Missiles
 d - 13 darts (quivered)
 A - 17 steel darts
Armour
 b - a +0 animal skin (worn)
 c - a +0 cap (worn)
Comestibles
 h - a rambutan
 r - 8 sultanas
 x - a pear
Scrolls
 f - a scroll of fear
 j - 4 scrolls of identify
 k - 2 scrolls of enchant weapon II {unknown}
 l - 3 scrolls of remove curse {unknown}
 m - a scroll of magic mapping {unknown}
 q - a scroll of recharging {unknown}
 v - a scroll of random uselessness {unknown}
 y - a scroll of blinking {unknown}
 C - a scroll of teleportation {unknown}
 D - a scroll of fog {unknown}
Jewellery
 e - a ring of protection from magic (left hand)
 o - an amulet of rage (around neck)
 s - an uncursed ring of ice
 B - a +3 ring of protection (right hand)
 E - an uncursed ring of flight {unknown}
Potions
 g - 2 potions of curing
 n - a potion of magic
 p - a potion of speed {unknown}
 t - a potion of brilliance {unknown}
 z - a potion of poison {unknown}
Books
 w - a book of the Earth

   Spells                             Type                      Level
   Dig                                Earth                        4
   Leda's Liquefaction                Hexes/Earth                  4
   Bolt of Magma                      Conjuration/Fire/Earth       5
   Statue Form                        Transmutation/Earth          6
   Iron Shot                          Conjuration/Earth            6
   Shatter                            Earth                        9


   Skills:
 + Level 2.5(0.8) Fighting
 * Level 4.2(2.4) Polearms
 - Level 2.3(0.6) Staves
 - Level 2.5(0.8) Throwing
 + Level 7.9(5.9) Dodging
 - Level 1.2(0.0) Stealth


You had 6 spell levels left.
You didn't know any spells.

Dungeon Overview and Level Annotations

Branches:
Dungeon (5/27)             Temple (0/1) D:5

Altars:
Okawaru

Annotations:
D:2 Sigmund
D:4 Dowan, Duvessa


Innate Abilities, Weirdness & Mutations

You are tiny and cannot use many weapons and most armour.
You have supernaturally acute eyesight.
You are a herbivore.
You cover ground extremely quickly.
You need consume almost no food.


Message History

You feel drained.
* * * LOW HITPOINT WARNING * * *
Duvessa hits you with an elven short sword of draining.
* * * LOW HITPOINT WARNING * * *
You feel drained.
* * * LOW HITPOINT WARNING * * *
Unknown command.
Unknown command.
Unknown command.
You barely miss Duvessa.
Duvessa is severely wounded.
Duvessa barely misses you. Duvessa completely misses you.
You closely miss Duvessa.
Duvessa is severely wounded.
Duvessa misses you.
You hit Duvessa.
Duvessa is almost dead.
Duvessa misses you.
Duvessa hits you with an elven short sword of draining!
You die...

........#####.....# #§PP
........# #.....# #§.§ ........#
#.....# #... ###.....# #.....#
#... #....# #.....# #... #....#
#.....############... #....#
#....................
#....#####..........##########
#...........e@......#
####...................#
.......................##########
.................................
#################################


You could see Duvessa.

Vanquished Creatures
  2 killer bees (D:5)
  2 goliath beetles (D:5)
  A centaur zombie (D:4)
  A hound (D:4)
  A giant frog skeleton (D:5)
  4 worker ants (D:5)
  An orc wizard (D:3)
  A hound zombie (D:4)
  2 worker ant zombies (D:4)
  2 adders (D:5)
  4 gnolls (D:4)
  2 worms (D:5)
  3 giant mites (D:5)
  An adder zombie (D:5)
  A scorpion zombie (D:4)
  A giant eyeball (D:4)
  A giant gecko (D:1)
  An ooze (D:3)
  6 orcs
  3 ball pythons
  6 bats
  A bat zombie (D:4)
  3 giant cockroaches
  8 hobgoblins
  4 jackals (D:4)
  2 quokkas (D:3)
  A giant cockroach zombie (D:4)
  3 giant newts
  5 goblins
  A hobgoblin zombie (D:4)
  10 kobolds
  2 kobold zombies (D:4)
  A quokka zombie (D:4)
  11 rats
  A rat zombie (D:4)
99 creatures vanquished.

Notes
Turn   | Place    | Note
--------------------------------------------------------------
     0 | D:1      | Malachi, the Spriggan Gladiator, began the quest for the Orb.
     0 | D:1      | Reached XP level 1. HP: 11/11 MP: 1/1
   201 | D:1      | Reached XP level 2. HP: 8/16 MP: 3/3
   596 | D:1      | Reached skill level 5 in Dodging
   816 | D:2      | Reached XP level 3. HP: 9/19 MP: 5/5
  1092 | D:2      | Noticed Sigmund
  1551 | D:3      | Reached skill level 1 in Polearms
  1551 | D:3      | Reached skill level 1 in Stealth
  1696 | D:3      | Reached skill level 6 in Dodging
  1738 | D:3      | Reached XP level 4. HP: 23/23 MP: 7/7
  2462 | D:4      | Paralysed by a giant eyeball for 3 turns
  2471 | D:4      | Paralysed by a giant eyeball for 4 turns
  2479 | D:4      | Paralysed by a giant eyeball for 3 turns
  2660 | D:4      | Paralysed by a giant eyeball for 2 turns
  2673 | D:4      | Reached XP level 5. HP: 21/28 MP: 9/9
  3016 | D:4      | Noticed Duvessa
  3017 | D:4      | Noticed Dowan
  3133 | D:4      | Found an iron altar of Okawaru.
  3147 | D:4      | Became a worshipper of Warmaster Okawaru
  3159 | D:5      | Entered Level 5 of the Dungeon
  3297 | D:5      | Reached skill level 7 in Dodging
  3464 | D:5      | Reached XP level 6. HP: 20/32 MP: 11/11
  4219 | D:5      | Found a staircase to the Ecumenical Temple.
  5030 | D:5      | Reached XP level 7. HP: 32/36 MP: 13/13
  5077 | D:4      | Acquired Okawaru's first power
  5547 | D:4      | Slain by Duvessa

Action                   |  1- 3 |  4- 6 |  7- 9 || total
-------------------------+-------+-------+-------++-------
Melee: Quarterstaff      |    28 |       |       ||    28
       Spear             |   107 |   119 |       ||   226
       Trident           |    17 |   278 |    71 ||   366
Throw: Dart              |     2 |     5 |       ||     7
  Use: Potion            |       |     4 |       ||     4
       Scroll            |       |     2 |       ||     2
 Stab: Sleeping          |     1 |     2 |       ||     3
       Distracted        |       |     2 |       ||     2
